AoeStats
← [Marty]TheEY

Black Forest

508037379Analyzed
4v4 RM · 13d ago on Sep 20, 2026· 62m 29s· 8 players
Game mode
Random Map
Map size
Large (8 player)
Population
200
Speed
Normal
Resources
Standard
Victory
Conquest
Starting age
Dark Age
Ending age
Imperial Age
RankedLock teamsTeams togetherTeam positionsShared explorationLock speedFull tech treeHidden civsTurbo modeCheats
Victory
Defeat
🇮🇳 Burmese · India
1669
+10
🇫🇮 Gurjaras · Finland
1602
+12
🇯🇵 Slavs · Japan
1585
+13
🇮🇳 Tupi · India
1507
+17
🇭🇰 Jurchens · Hong Kong SAR China
1533
-13
🇭🇰 Koreans · Hong Kong SAR China
1519
-13
🇩🇪 Wu · Germany
1517
-13
🇨🇭 Celts · Switzerland
1514
-13
m1gzu
0:42 Loom
14:43 Feudal Age
19:05 Castle Age
17:59 Fletching
18:39 Double-Bit Axe
22:12 Horse Collar
24:24 Wheelbarrow
26:07 Fishing Lines
28:10 Bow Saw
28:31 Medium Warships
28:12 Gillnets
30:02 Gold Mining
30:02 Stone Mining
30:32 Town Watch
30:52 Heavy Plow
31:44 Hand Cart
34:49 Imperial Age
33:08 Kshatriyas
33:43 Scale Barding Armor
33:48 Forging
34:01 Fortified Wall
34:53 Chain Barding Armor
36:01 Iron Casting
35:53 Conscription
36:20 Bloodlines
36:11 Husbandry
35:39 Elite Shrivamsha Rider
37:11 Plate Barding Armor
38:18 Scale Mail Armor
39:19 Chain Mail Armor
40:05 Stone Shaft Mining
40:39 Plate Mail Armor
40:21 Elite Chakram Thrower
43:15 Light Cavalry
43:57 Hussar
46:23 Iron Casting
47:17 Bodkin Arrow
46:56 Elite Elephant Archer
47:41 Thumb Ring
48:35 Bracer
48:36 Padded Archer Armor
48:59 Ballistics
49:08 Caravan
51:14 Thumb Ring
51:21 Padded Archer Armor
52:16 Leather Archer Armor
52:50 Crop Rotation
55:55 Gold Shaft Mining
57:02 Chemistry
57:02 Hoardings
58:34 Frontier Guards
63:20 Hoardings
62:58 Masonry
62:43 Murder Holes
JIJINz
6:47 Loom
12:20 Feudal Age
15:56 Castle Age
13:59 Double-Bit Axe
13:59 Horse Collar
16:33 Scale Barding Armor
20:12 Wheelbarrow
19:59 Bow Saw
22:01 Chain Barding Armor
24:19 Heavy Plow
25:14 Gold Mining
25:14 Stone Mining
26:03 Hand Cart
31:47 Imperial Age
30:18 Ballistics
30:10 Forging
30:20 Husbandry
30:30 Bloodlines
31:12 Gold Shaft Mining
31:03 Town Watch
31:54 Iron Casting
32:13 Scale Mail Armor
32:55 Siege Engineers
33:51 Chemistry
32:56 Detinets
33:21 Conscription
32:52 Onager
33:14 Elite Boyar
35:01 Plate Barding Armor
35:26 Blast Furnace
34:31 Druzhina
34:29 Fletching
39:02 Pikeman
39:42 Squires
39:23 Man-at-Arms
40:19 Caravan
40:50 Coinage
39:57 Long Swordsman
40:50 Long Swordsman
41:51 Two-Handed Swordsman
42:36 Champion
43:33 Chain Mail Armor
44:36 Banking
44:05 Light Cavalry
46:21 Plate Mail Armor
46:52 Halberdier
48:27 Hussar
49:00 Capped Ram
50:12 Siege Ram
50:58 Siege Onager
58:18 Bodkin Arrow
Dark_Knight
0:30 Loom
12:37 Feudal Age
19:59 Castle Age
18:17 Double-Bit Axe
20:35 Fishing Lines
21:10 Bow Saw
22:12 Wheelbarrow
21:39 Gillnets
23:52 Horse Collar
24:03 Gold Mining
27:05 Heavy Plow
32:45 Imperial Age
31:32 Champi Runner
32:12 Squires
31:58 Arson
32:16 Scale Mail Armor
32:27 Forging
32:34 Champi Warrior
33:48 Chain Mail Armor
33:56 Conscription
33:09 Capped Ram
34:28 Caciques
34:02 Elite Champi Warrior
34:34 Siege Ram
36:33 Iron Casting
37:44 Plate Mail Armor
38:32 Hoardings
39:15 Two-Man Saw
38:51 Gold Shaft Mining
38:06 Stone Mining
39:18 Town Watch
40:09 Hand Cart
43:28 Caravan
45:24 Onager
47:53 Chemistry
47:20 Elite Ibirapema Warrior
48:54 Coinage
50:55 Banking
Aqua Sama
11:24 Feudal Age
15:06 Castle Age
13:40 Fishing Lines
16:01 Gillnets
22:59 Wheelbarrow
22:29 Gold Mining
29:28 Imperial Age
29:13 Sanctity
28:48 Loom
30:13 Padded Archer Armor
30:39 Horse Collar
33:52 Chemistry
34:07 Bloodlines
33:57 Husbandry
36:41 Hand Cart
38:10 Ballistics
39:07 Block Printing
39:18 Illumination
39:42 Redemption
39:55 Conscription
42:46 Fletching
43:51 Theocracy
43:27 Fervor
43:37 Siege Engineers
43:42 Masonry
44:49 Herbal Medicine
46:32 Architecture
50:22 Coinage
49:56 Caravan
51:23 Bodkin Arrow
51:10 Treadmill Crane
54:57 Scale Barding Armor
55:02 Forging
54:45 Elite Arambai
56:00 Elite Battle Elephant
57:34 Chain Barding Armor
58:36 Iron Casting
58:03 Manipur Cavalry
58:07 Howdah
59:12 Heavy Plow
60:12 Plate Barding Armor
60:38 Blast Furnace
61:12 Parthian Tactics
ImOneWithTheTree
8:50 Loom
10:59 Feudal Age
15:27 Castle Age
13:28 Double-Bit Axe
17:48 Horse Collar
18:25 Bow Saw
17:57 Horse Collar
25:16 Wheelbarrow
24:40 Gold Mining
26:47 Gold Shaft Mining
26:03 Stone Mining
26:01 Pikeman
30:57 Imperial Age
29:56 Arson
30:58 Scale Mail Armor
31:08 Forging
31:40 Hand Cart
31:03 Halberdier
32:59 Conscription
33:39 Chain Mail Armor
33:59 Iron Casting
33:27 Heavy Plow
33:27 Onager
37:22 Furor Celtica
36:50 Elite Woad Raider
38:04 Plate Mail Armor
38:56 Ballistics
38:43 Siege Engineers
38:22 Heavy Scorpion
39:27 Ballistics
40:08 Chemistry
41:31 Blast Furnace
42:24 Siege Engineers
48:43 Caravan
[Marty]TheEY
9:28 Feudal Age
9:11 Loom
10:06 Double-Bit Axe
16:25 Fletching
22:41 Castle Age
21:08 Horse Collar
22:05 Fishing Lines
23:49 Bow Saw
23:41 Gillnets
26:46 Wheelbarrow
33:13 Imperial Age
30:54 Pikeman
31:35 Squires
32:09 Siege Engineers
33:31 Hand Cart
33:19 Heavy Plow
33:36 Scale Mail Armor
33:46 Forging
33:27 Heavy Rocket Cart
34:55 Chain Mail Armor
34:03 Halberdier
34:46 Gold Mining
34:47 Stone Mining
36:28 Chemistry
35:57 Masonry
39:05 Iron Casting
44:10 Blast Furnace
43:11 Padded Archer Armor
43:07 Bodkin Arrow
43:46 Architecture
44:38 Conscription
45:19 Thunderclap Bombs
46:09 Gold Shaft Mining
47:55 Caravan
53:30 Town Watch
54:42 Elite Skirmisher
55:18 Bodkin Arrow
55:39 Leather Archer Armor
55:45 Ballistics
57:37 Coinage
SbS | Havoc
1:29 Loom
14:36 Feudal Age
18:22 Castle Age
16:25 Double-Bit Axe
18:44 Fishing Lines
20:03 Bow Saw
22:13 Horse Collar
28:09 Wheelbarrow
27:21 Town Watch
31:08 Imperial Age
29:43 Scale Mail Armor
29:53 Forging
29:30 Man-at-Arms
30:10 Squires
30:47 Heavy Plow
30:37 Gold Mining
30:39 Stone Mining
31:18 Hand Cart
31:22 Chain Mail Armor
30:29 Long Swordsman
32:07 Sitting Tiger
33:33 Two-Man Saw
32:06 Two-Handed Swordsman
33:26 Plate Mail Armor
34:20 Iron Casting
34:12 Champion
36:26 Ballistics
37:07 Chemistry
38:16 Blast Furnace
36:37 Pikeman
37:54 Caravan
38:44 Masonry
39:36 Chemistry
38:46 Halberdier
39:50 Conscription
40:44 Heavy Scorpion
46:51 Fletching
49:40 Coinage
49:27 Guilds
51:07 Bodkin Arrow
51:13 Padded Archer Armor
51:45 Architecture
54:38 Bracer
54:21 Treadmill Crane
56:23 Murder Holes
大庆Song
0:33 Loom
13:05 Feudal Age
18:29 Castle Age
16:38 Double-Bit Axe
17:02 Fishing Lines
20:00 Bow Saw
19:42 Stone Mining
19:34 Horse Collar
25:35 Fletching
30:18 Gold Mining
35:43 Bodkin Arrow
38:46 Ballistics
39:43 Wheelbarrow
46:00 Hand Cart
45:19 Elite Skirmisher
48:36 Masonry
49:25 Caravan
49:47 Thumb Ring
58:39 Pikeman
59:19 Squires
62:00 Scale Mail Armor
62:10 Forging
62:56 Chain Mail Armor
Connection lost

Rejoining the realm…

Still unreachable

The connection could not be restored.

Session expired

The server has moved on; the page needs a fresh start.